 Dungeon Crawl Stone Soup version 0.31-a0-214-gb37851dbb3 (webtiles) character file.

Game seed: 17504406759555799039

336 BubbleThief the Insei (level 6, 0/43 HPs)
             Began as an Octopode Transmuter on July 2, 2023.
             Slain by an orc wizard
             ... wielding a +0 dagger
              (4 damage)
             ... on level 4 of the Dungeon.
             The game lasted 00:04:31 (2667 turns).

BubbleThief the Insei (Octopode Transmuter)         Turns: 2667, Time: 00:04:32

Health: 0/43       AC:  1    Str: 12    XL:     6   Next: 54%
Magic:  8/9        EV: 13    Int: 15    God:
Gold:   227        SH:  5    Dex: 12    Spells: 6/9 levels left

rFire   . .          .
                       - Unarmed
rCold   . . .        (no shield)
rNeg    . . .        (helmet currently unavailable)
rPois   .            b - amulet of reflection
rElec   .            (no ring)
rCorr   .            (no ring)
SInv    .            (no ring)
Will    .....        (no ring)
Stlth   ++           (no ring)
HPRegen 0.27/turn    (no ring)
MPRegen 0.11/turn    (no ring)
                     (no ring)

%: reflection
@: lethally poisoned (0 -> -3), appendages
A: tentacle spike 3, almost no armour, amphibious, 8 rings, camouflage 1,
gelatinous body 1, (nimble swimmer 1), tentacles
a: End Transformation


You were on level 4 of the Dungeon.
One of your tentacles had grown a beastly spike.
You visited 1 branch of the dungeon, and saw 5 of its levels.

You collected 227 gold pieces.

Inventory:

Missiles
 f - a throwing net
 n - 5 poisoned darts (quivered)
Jewellery
 b - an amulet of reflection (around mantle)
 c - a ring of ice
Wands
 i - a wand of flame (19)
 o - a wand of polymorph (10)
Scrolls
 g - 2 scrolls of poison {unknown}
 h - a scroll of fog {unknown}
 j - a scroll of vulnerability {unknown}
 l - a scroll of butterflies {unknown}
 p - 3 scrolls of teleportation {unknown}
Potions
 a - 2 potions of lignification
 d - a potion of curing {unknown}
 e - a potion of degeneration {unknown}
 k - a potion of might {unknown}
 m - a potion of haste {unknown}


   Skills:
 + Level 3.7 Fighting
 - Level 2.0 Dodging
 + Level 4.7 Unarmed Combat
 - Level 2.0 Spellcasting
 + Level 4.1 Transmutations


You had 6 spell levels left.
You knew the following spells:

 Your Spells              Type           Power      Damage    Failure   Level
a - Beastly Appendage     Tmut           28%        N/A       4%          1
b - Wereblood             Tmut           14%        N/A       6%          2

Your spell library contained the following spells:

 Spells                   Type           Power      Damage    Failure   Level
 Spider Form              Tmut/Pois      7%         N/A       28%         3
 Ice Form                 Ice/Tmut       7%         N/A       67%         4


Dungeon Overview and Level Annotations

Branches:
Dungeon (5/15)
 Temple: D:4-7

Altars:
Fedhas
Zin
The Shining One

Annotations:
D:3 Jessica, Pargi
D:4 2 transporters, killer11drew's ghost, novice HOFi


Innate Abilities, Weirdness & Mutations

One of your tentacles has grown a beastly spike.
You cannot wear most types of armour.
You are amphibious.
You can wear up to eight rings at the same time.
Your skin changes colour to match your surroundings (Stealth+).
Your rubbery body absorbs attacks. (AC +1, EV +1)
((You are camouflaged when in or above water. (Stealth+)))
You have tentacles for arms and can constrict up to eight enemies at once.


Message History

The orc wizard is lightly wounded.
The orc wizard hits you with a +0 dagger.
* * * LOW HITPOINT WARNING * * *
You bump into the rock wall.
The orc wizard hits you with a +0 dagger.
* * * LOW HITPOINT WARNING * * *
The orc wizard mumbles some strange words.
The orc wizard flickers and vanishes!
Deactivating autopickup; reactivate with Ctrl-A.
Something hits you but does no damage. The adder attacks as you move away!
The adder completely misses you.
An orc comes into view. It is wielding a +0 hand axe.
You feel less confused.
There is a stone staircase leading up here.
You block the adder's attack.
You hear some strange, mumbled words.
Something tries to affect you, but you resist.
The phantom misses you.
You climb upwards.
Level annotation: 2 transporters, killer11drew's ghost, novice HOFi Reactivating autopickup.
There is a stone staircase leading down here.
You tentacle-slap the phantom but do no damage.
You block the adder's attack. Something hits you but does no damage.
Deactivating autopickup; reactivate with Ctrl-A.
You block the phantom's attack.
Unknown command.
You barely miss the phantom. Your squeeze misses the phantom.
You block the adder's attack. Something hits you.
* * * LOW HITPOINT WARNING * * *
The phantom closely misses you.
Unknown command.
Casting: Beastly Appendage (safe; 4% risk of failure)
Confirm with . or Enter, or press ? or * to list all spells.
One of your tentacles grows a vicious spike.
The adder bites you.
* * * LOW HITPOINT WARNING * * *
You are poisoned.
The adder poisons you! The adder closely misses you. Something hits you.
You die...

#.........#.######## ##.###......
....#####.#.# #.###.#.... ##..#
#.#.# #.....#.... .#..#####.#.#
###.###.#....
........#.#.#########..)###.#....
##...####.#.##.........).........
#.....^.............##.###.#####
###.#####.......WS......###.#####
......# #.#..#.#@{...............
###.#.###.#..#.###.###.##########
###.#............#<# #.#
.......##.#..#.#.#.# #.#
#####..##.#..#.#.#.# #.#
#............#.#.# #.#
###.#..##.#..#.#.#.# #.#
.##.#..........#.#.# #.#
.##.#..##.#..#.#.#.# #.#


You could see a phantom and an adder.

Vanquished Creatures
  A scorpion (D:4)
  A hound (D:5)
  A sleepcap (D:4)
  An iguana (D:4)
  Ijyb (D:4)
  Robin (D:4)
  3 adders (D:4)
  7 gnolls (D:4)
  A worm (D:2)
  A dart slug (D:3)
  5 ball pythons
  4 bats
  2 endoplasms
  A giant cockroach (D:1)
  8 goblins
  9 hobgoblins
  4 jackals (D:1)
  A quokka (D:1)
  12 frilled lizards
  4 kobolds
  2 rats
70 creatures vanquished.

Notes
Turn   | Place    | Note
-------+----------+-------------------------------------------
     0 | D:1      | BubbleThief the Octopode Transmuter began the quest for the
                  | Orb.
     0 | D:1      | Reached XP level 1. HP: 13/13 MP: 3/3
    74 | D:1      | Found a faded altar of an unknown god.
    97 | D:1      | Reached XP level 2. HP: 18/18 MP: 3/5
   628 | D:2      | Reached XP level 3. HP: 24/24 MP: 4/6
   631 | D:2      | Learned a level 2 spell: Wereblood
  1214 | D:3      | Noticed Jessica
  1217 | D:3      | Noticed Pargi
  1505 | D:4      | Reached XP level 4. HP: 29/29 MP: 5/7
  1645 | D:4      | Found a transporter.
  1646 | D:4      | Noticed an ogre
  1646 | D:4      | Noticed killer11drew's ghost (novice HOFi)
  1647 | D:4      | Noticed an ogre
  1648 | D:4      | Found a transporter.
  1778 | D:4      | Noticed a scorpion
  1790 | D:4      | Killed a scorpion
  1791 | D:4      | Reached XP level 5. HP: 32/36 MP: 6/8
  1896 | D:4      | Noticed Robin
  1900 | D:4      | Noticed Ijyb
  1905 | D:4      | Killed Robin
  1913 | D:4      | Killed Ijyb
  1925 | D:4      | Reached XP level 6. HP: 15/42 MP: 5/9
  2458 | D:4      | Found a faded altar of an unknown god.
  2458 | D:4      | Found a glowing golden altar of the Shining One.
  2466 | D:4      | Found a glowing silver altar of Zin.
  2468 | D:4      | Found a faded altar of an unknown god.
  2471 | D:4      | Found a blossoming altar of Fedhas.
  2609 | D:5      | Entered Level 5 of the Dungeon
  2667 | D:4      | Slain by an orc wizard

Illustrated notes

Levels and vault maps discovered:
D:1:      lightli_arrival_maybe_door_vault, layout_rooms,
          nicolae_ecumenical_lake_church
D:2:      layout_rooms, minmay_lizard_king
D:3:      layout_rooms, slow_altar_1, minmay_misc_feat_enclosed, kennysheep_nub,
          eino_tiny_chamber, uniq_pargi, uniq_jessica, uniq_grinder
D:4:      layout_basic, chequers_temple_overflow_minitemple,
          gammafunk_ghost_smash, nicolae_goblin_pals
D:5:      layout_rooms, nicolae_ru_sacrificial_ziggurat, minmay_diced_spiral

Skill      XL: |  1  2  3  4  5  6 |
---------------+-------------------+-----
Fighting       | 2 3 |  3.7
Transmutations | 3 4 |  4.1
Unarmed Combat | 4 |  4.7
Dodging        | |  2.0
Spellcasting   | |  2.0

Action                     |  1- 3 |  4- 6 || total
---------------------------+-------+-------++-------
  Melee: Unarmed           |    77 |    74 ||   151
         Constrict         |    24 |    19 ||    43
         Kick              |    12 |    27 ||    39
         Tentacles         |    13 |    17 ||    30
         Punch             |     1 |     2 ||     3
  Throw: Dart              |       |     3 ||     3
   Cast: Beastly Appendage |    27 |    13 ||    40
         Wereblood         |       |     1 ||     1
    Use: Scroll            |       |     1 ||     1
   Stab: Sleeping          |     5 |     1 ||     6
 Armour: Skin              |     6 |     2 ||     8
  Dodge: Dodged            |    47 |    34 ||    81
  Block: Other             |     6 |    11 ||    17

Table legend: (Time is in decaauts)
 A = Elapsed time spent in this place.
 B = Non-inter-level travel time spent in this place.
 C = Inter-level travel time spent in this place.
 D = Time resting spent in this place.
 E = Time spent auto-exploring this place.
 F = Levels seen in this place.
 G = Mean time per level.
                   A        B        C        D        E       F      G
               +--------+--------+--------+--------+--------+-----+--------+
         Total |   2657 |   2581 |     76 |     17 |   2054 |   5 |  531.4 |
       Dungeon |   2657 |   2581 |     76 |     17 |   2054 |   5 |  531.4 |
               +--------+--------+--------+--------+--------+-----+--------+

Top non-repeatable levels by time:
     D:4: 1194 daAuts
     D:2: 741 daAuts
     D:1: 491 daAuts
     D:3: 176 daAuts
     D:5: 54 daAuts
